 Dungeon Crawl Stone Soup version 0.30-a0-354-g6b83867211 (webtiles) character file.

Game seed: 3871285408748649256

3690 funkygono the Thaumaturge (level 9, -6/69 HPs)
             Began as a Purple Draconian Fire Elementalist on Nov 7, 2022.
             Was a Follower of Vehumet.
             Mangled by a cyclops (21 damage)
             ... on level 7 of the Dungeon.
             The game lasted 00:12:54 (8061 turns).

funkygono the Thaumaturge (DrFE)                    Turns: 8061, Time: 00:12:54

Health: -6/69      AC:  9    Str: 14    XL:     9   Next: 90%
Magic:  25/31      EV: 13    Int: 19    God:    Vehumet [*.....]
Gold:   313        SH:  0    Dex: 13    Spells: 16/26 levels left

rFire   . . .      SeeInvis .    v - +5 mace (protect)
rCold   . . .      Faith    .    (no shield)
rNeg    . . .      Spirit   .    (body armour unavailable)
rPois   .          Reflect  .    (helmet restricted)
rElec   .          Harm     .    (no cloak)
rCorr   .          Rampage  .    (no gloves)
Will    +....                    A - +1 pair of boots
Stlth   +++.......               (no amulet)
HPRegen 0.31/turn                y - ring "Xakyzocw" {MP+9 Stlth+}
MPRegen 0.22/turn                z - ring "Qeifezy" {Fly Str+4}

@: flying
A: breathe power, AC +7, unfitting armour, cold-blooded
a: Breathe Dispelling Energy, Renounce Religion


You were on level 7 of the Dungeon.
You worshipped Vehumet.
Vehumet was aware of your devotion.
You visited 2 branches of the dungeon, and saw 8 of its levels.
You also visited: Sewer.

You collected 367 gold pieces.
You spent 54 gold pieces at shops.

Inventory:

Hand Weapons
 f - a +2 whip of venom
 v - a +5 mace of protection (weapon)
Armour
 A - a +1 pair of boots (worn)
Jewellery
 l - a ring of flight
 y - the ring "Xakyzocw" (left hand) {MP+9 Stlth+}
   (You found it on level 6 of the Dungeon)

   [ring of magical power]

   MP:        It affects your magic capacity (+9).
   Stlth:     It makes you more stealthy.
 z - the ring "Qeifezy" (right hand) {Fly Str+4}
   (You found it on level 6 of the Dungeon)

   [ring of flight]

   Str:       It affects your strength (+4).
   Fly:       It grants you flight.
Wands
 k - a wand of acid (8)
 q - a wand of roots (12)
Scrolls
 c - 3 scrolls of identify
 g - 6 scrolls of teleportation
 h - a scroll of brand weapon {unknown}
 i - 2 scrolls of amnesia
 n - a scroll of immolation {unknown}
 o - a scroll of enchant armour
 u - a scroll of fog
 w - 2 scrolls of vulnerability
Potions
 a - a potion of magic
 b - 4 potions of curing
 d - 2 potions of haste
 e - a potion of might {unknown}
 j - 2 potions of flight {unknown}
 m - 2 potions of resistance {unknown}
 r - a potion of lignification {unknown}
 s - a potion of brilliance {unknown}
 x - a potion of cancellation {unknown}


   Skills:
 + Level 3.1 Fighting
 + Level 3.0 Maces & Flails
 + Level 4.2 Dodging
 + Level 3.0 Stealth
 + Level 9.3 Spellcasting
 + Level 5.3 Conjurations
 + Level 8.4 Fire Magic


You had 16 spell levels left.
You knew the following spells:

 Your Spells              Type           Power      Damage    Failure   Level
a - Foxfire               Conj/Fire      100%       2x1d9     1%          1
b - Scorch                Fire           82%        2d9       1%          2
c - Kindle Blastsparks    Fire/Tloc/Air  38%        2d13      8%          3
d - Flame Wave            Conj/Fire      35%        2d10      4%          4

Your spell library contained the following spells:

 Spells                   Type           Power      Damage    Failure   Level
 Freeze                   Ice            32%        1d5       9%          1
 Inner Flame              Hex/Fire       24%        N/A       4%          3
 Apportation              Tloc           16%        N/A       9%          1
 Necrotise                Necr           32%        1d5       9%          1
 Slow                     Hex            32%        N/A       9%          1
 Summon Small Mammal      Summ           32%        N/A       9%          1
 Poisonous Vapours        Pois/Air       16%        N/A       12%         2
 Confusing Touch          Hex            8%         N/A       24%         3
 Vampiric Draining        Necr           8%         2d6       24%         3
 Lightning Bolt           Conj/Air       9%         1d21      58%         5
 Airstrike                Air            4%         2d(1-17)  63%         4
 Summon Lightning Spire   Summ/Air       8%         N/A       63%         4
 Agony                    Necr           8%         N/A       92%         5
 Borgnjor's Vile Clutch   Necr/Erth      4%         N/A       92%         5
 Conjure Ball Lightning   Conj/Air       9%         3x3d6     99%         6


Dungeon Overview and Level Annotations

Branches:
Dungeon (7/15)             Temple (1/1) D:6           Sewer (visited)

Altars:
Ashenzari
Cheibriados
Dithmenos
Hepliaklqana
Kikubaaqudgha
Makhleb
Nemelex Xobeh
Okawaru
Qazlal
Ru
Sif Muna
Trog
Uskayaw
Vehumet
Wu Jian
Xom
Yredelemnul
Zin
The Shining One

Shops:
D:6 [((


Innate Abilities, Weirdness & Mutations

You can breathe bolts of dispelling energy.
Your rich purple scales are hard. (AC +7)
You cannot fit into any form of body armour.
You are cold-blooded and may be slowed by cold attacks.


Message History

The troll claws you!
A nearby plant withers and dies.
The cyclops hits you!! The troll bites you. The troll misses you.
The troll claws you but does no damage.
Unknown command.
Casting: Flame Wave (dangerous; 5% risk of failure)
Confirm with . or Enter, or press ? or * to list all spells.
Casting: Flame Wave (dangerous; 5% risk of failure)
Press: ? - help, Dir - look around, f - activate A wave of flame ripples out!
The flame wave engulfs the cyclops.
The cyclops is heavily wounded.
The flame wave engulfs the troll!
You kill the troll!
Vehumet accepts your kill.
You feel your power returning.
The troll leather armour is intact enough to wear. (Press . to intensify the flame waves.)
Your Dodging skill increases to level 4!
Your Spellcasting skill increases to level 9!
A wave of flame ripples out!
The flame wave engulfs the cyclops!
The cyclops is severely wounded.
The flame wave engulfs the komodo dragon!
The komodo dragon is heavily wounded.
The cyclops closely misses you.
Unknown command.
A wave of flame ripples out!
The flame wave engulfs the cyclops!
You kill the cyclops!
Vehumet accepts your kill.
You feel your power returning.
The flame wave engulfs the komodo dragon.
The komodo dragon is severely wounded.
The flame wave engulfs the cyclops.
The cyclops is lightly wounded.
You finish channelling waves of flame.
The cyclops throws a large rock.
The large rock barely misses you.
Your Maces & Flails skill increases to level 3!
The komodo dragon attacks as you move away!
The komodo dragon bites you!
* * * LOW HITPOINT WARNING * * *
The cyclops hits you!!
You die...

#.......#####.#.#####...
#.##.#.#.#...#.#.###..#.
#.#.#.####..#.#..#..#.#.
#..........#.#...##).#..
#.#######.#.#.....#..#..
#.#P...P#.#.#.#..#.#.#..
#.#.###.#.#...##.##.....
#.#.'[#C'...#.##...#....
#.#.###@#.#.#.##..##.#..
##.#..(l.#.#.#..###.#....
#..#######.....#..#####..
#.....................)..
#........................
##############.....#.####
#.#...#.# # ...#...#
#..###...#


You could see a cyclops and a komodo dragon.

Vanquished Creatures
  A cyclops (D:7)
  An unseen horror (D:7)
  A troll (D:7)
  A yak (D:7)
  A wyvern (D:7)
  A wraith (D:7)
  3 ice beasts
  2 orc warriors (D:7)
  A sky beast (D:7)
  A black bear (D:5)
  2 ogres
  2 centaurs (D:7)
  A phantom (D:3)
  2 bullfrogs (D:7)
  A kobold brigand (D:6)
  A necrophage (D:6)
  2 scorpions
  3 wights (D:6)
  4 hounds
  4 jellies
  An orc priest (D:7)
  9 orc wizards
  An iguana (D:6)
  A hell rat (Sewer)
  12 adders
  2 river rats (Sewer)
  2 white imps
  2 ufetubi
  A worm (D:3)
  2 dart slugs (D:2)
  20 orcs
  12 ball pythons
  13 endoplasms
  A giant cockroach (D:1)
  10 goblins
  7 hobgoblins
  3 jackals (D:1)
  3 quokkas
  8 bats
  2 frilled lizards (D:3)
  21 kobolds
  8 rats
176 creatures vanquished.

Vanquished Creatures (collateral kills)
  A foxfire (D:3)
1 creature vanquished.

Vanquished Creatures (others)
  459 foxfires
  8 fungi (D:2)
  8 plants (D:7)
  9 toadstools (D:2)
484 creatures vanquished.

Grand Total: 661 creatures vanquished

Notes
Turn   | Place    | Note
-------+----------+-------------------------------------------
     0 | D:1      | funkygono the Draconian Fire Elementalist began the quest
                  | for the Orb.
     0 | D:1      | Reached XP level 1. HP: 14/14 MP: 3/3
   319 | D:1      | Reached XP level 2. HP: 20/20 MP: 3/5
  1262 | D:1      | Learned a level 2 spell: Scorch
  1287 | D:2      | Reached XP level 3. HP: 26/26 MP: 2/6
  1291 | D:2      | Learned a level 3 spell: Kindle Blastsparks
  2040 | D:2      | Reached skill level 1 in Maces & Flails
  2040 | D:2      | Reached XP level 4. HP: 34/34 MP: 4/8
  2363 | D:2      | Reached skill level 3 in Spellcasting
  2363 | D:2      | Reached XP level 5. HP: 34/39 MP: 5/9
  2624 | D:3      | Found a glowing drain.
  2658 | Sewer    | Entered a sewer
  2950 | D:3      | Found a faded altar of an unknown god.
  3416 | D:3      | Found a hide-covered altar of Uskayaw.
  3427 | D:3      | Reached skill level 1 in Fighting
  3663 | D:4      | Noticed a phantom
  3664 | D:4      | Reached XP level 6. HP: 47/47 MP: 2/11
  3765 | D:3      | Reached skill level 5 in Fire Magic
  3816 | D:3      | Learned a level 4 spell: Flame Wave
  4634 | D:5      | Entered Level 5 of the Dungeon
  4657 | D:5      | Reached skill level 4 in Spellcasting
  4710 | D:5      | Your scales start taking on a rich purple colour.
  4710 | D:5      | Reached XP level 7. HP: 53/53 MP: 3/14
  4714 | D:5      | Reached skill level 5 in Spellcasting
  5673 | D:6      | Reached skill level 6 in Spellcasting
  5892 | D:6      | Reached XP level 8. HP: 61/61 MP: 11/17
  6065 | D:6      | Got Sif Muna's Grimoire of Geology and the Squall
  6128 | D:6      | Found a staircase to the Ecumenical Temple.
  6139 | Temple   | Entered the Ecumenical Temple
  6146 | Temple   | Became a worshipper of Vehumet
  6270 | D:6      | Reached skill level 7 in Spellcasting
  6390 | D:6      | Found Hulyts's Antique Weapon Emporium.
  6475 | D:6      | Identified the ring "Xakyzocw" {MP+9 Stlth+}
  6500 | D:6      | Found Giogux's Armour Boutique.
  6562 | D:6      | Identified the ring "Qeifezy" {Fly Str+4}
  6614 | D:6      | Bought a +0 pair of boots for 54 gold pieces
  6882 | D:6      | Found a hazy altar of Hepliaklqana.
  7008 | D:6      | Found Zivorem's Weapon Shop.
  7038 | D:6      | Identified a scroll of acquirement
  7038 | D:6      | Acquired a book of Storms
  7532 | D:7      | Reached XP level 9. HP: 61/68 MP: 14/20
  7535 | D:7      | Reached skill level 8 in Spellcasting
  7562 | D:7      | Reached * piety under Vehumet
  7562 | D:7      | Offered knowledge of Freeze by Vehumet.
  7732 | D:7      | Identified the +9 war axe of the Lair of Beasts {vamp,
                  | rCorr Dex+3}
  7769 | D:7      | Reached skill level 5 in Conjurations
  7830 | D:7      | Killed an unseen horror
  8047 | D:7      | Noticed a troll
  8047 | D:7      | Noticed a cyclops
  8050 | D:7      | Noticed a komodo dragon
  8050 | D:7      | Noticed a cyclops
  8058 | D:7      | Killed a troll
  8059 | D:7      | Reached skill level 9 in Spellcasting
  8060 | D:7      | Killed a cyclops
  8061 | D:7      | Mangled by a cyclops

Illustrated notes

Levels and vault maps discovered:
D:1:      ebering_hopf_link, layout_basic
D:2:      cheibrodos_fertilizer, layout_loops_ring, minmay_misc_feat_columns
D:3:      layout_basic, mainiacjoe_overflow_cross_hatched,
          hellmonk_ecumenical_altar_pennies_from_heaven,
          cheibrodos_sewer_entry_sluice, kennysheep_crisscross,
          minmay_fractal_squares_5
D:4:      layout_loops_cross, serial_glass, glass_columns_b, glass_columns_b
D:5:      layout_loops_cross
D:6:      cheibrodos_thug_alley, layout_basic, general_overflow_altar,
          temple_fountains, serial_shops, nicolae_shop_statue_plus,
          kennysheep_little_box, shop
D:7:      layout_rooms, minmay_shattered_shrine
Temple:   sentei_temple_godly_chess

Skill      XL: |  1  2  3  4  5  6  7  8  9 |
---------------+----------------------------+-----
Dodging        | 2 3 4 |  4.2
Maces & Flails | 1 2 3 |  3.0
Stealth        | 2 3 |  3.0
Fire Magic     | 4 5 6 7 8 |  8.4
Spellcasting   | 3 4 6 7 9 |  9.3
Conjurations   | 2 3 4 5 |  5.3
Fighting       | 1 2 3 |  3.1

Action                   |  1- 3 |  4- 6 |  7- 9 || total
-------------------------+-------+-------+-------++-------
Melee: Whip              |     6 |    12 |     1 ||    19
       Club              |     2 |       |       ||     2
       Tailslap          |     1 |     1 |     5 ||     7
       Mace              |       |       |    36 ||    36
       Punch             |       |       |     2 ||     2
 Cast: Foxfire           |    67 |    93 |   115 ||   275
       Scorch            |     2 |    23 |    35 ||    60
       Flame Wave        |       |       |    11 ||    11
 Abil: Breathe Dispellin |       |       |     1 ||     1
  Use: Scroll            |       |       |    16 ||    16
Armor: Skin              |    17 |    10 |    45 ||    72
Dodge: Dodged            |    24 |    16 |    75 ||   115

Table legend: (Time is in decaauts)
 A = Elapsed time spent in this place.
 B = Non-inter-level travel time spent in this place.
 C = Inter-level travel time spent in this place.
 D = Time resting spent in this place.
 E = Time spent auto-exploring this place.
 F = Levels seen in this place.
 G = Mean time per level.
                   A        B        C        D        E       F      G
               +--------+--------+--------+--------+--------+-----+--------+
         Total |   8075 |   7971 |    104 |    684 |   6095 |   9 |  897.2 |
       Dungeon |   7844 |   7748 |     96 |    684 |   5921 |   7 | 1120.6 |
        Temple |     16 |      8 |      8 |      0 |      1 |   1 |   16.0 |
         Sewer |    214 |    214 |      0 |      0 |    173 |   1 |  214.0 |
               +--------+--------+--------+--------+--------+-----+--------+

Top non-repeatable levels by time:
     D:6: 1709 daAuts
     D:1: 1333 daAuts
     D:2: 1251 daAuts
     D:3: 1012 daAuts
     D:5: 980 daAuts
     D:4: 826 daAuts
     D:7: 729 daAuts
   Sewer: 214 daAuts
  Temple: 16 daAuts
